 Dungeon Crawl Stone Soup version 0.30.1-3-gfc49f6343a (webtiles) character file.

Game seed: 5423270643682898695

12699 FishyPogo the Black Sun (level 11, -11/92 HPs)
             Began as a Purple Draconian Transmuter on July 24, 2023.
             Was a High Priest of Kikubaaqudgha.
             Mangled by a centaur warrior simulacrum (24 damage)
             ... in a Gauntlet on July 31, 2023.
             The game lasted 01:19:02 (12961 turns).

FishyPogo the Black Sun (DrTm)                     Turns: 12961, Time: 01:19:03

Health: -11/92     AC: 14    Str: 13    XL:     11   Next: 65%
Magic:  20/20      EV: 14    Int: 17    God:    Kikubaaqudgha [*****.]
Gold:   556        SH:  0    Dex: 12    Spells: 4/22 levels left

rFire   . . .        a - +5 club (spect)
rCold   . . .        (no shield)
rNeg    . . .        (body armour unavailable)
rPois   .            (helmet currently unavailable)
rElec   .            m - +2 cloak {rCorr}
rCorr   +            (no gloves)
SInv    .            (boots currently unavailable)
Will    ++...        i - amulet of magic regeneration
Stlth   +            l - ring of willpower
HPRegen 0.35/turn    j - +4 ring of protection
MPRegen 0.57/turn

%: no teleportation
@: appendages, wereblooded, animating dead, slowed, very slow
A: horns 2, talons 2, breathe power, AC +7, unfitting armour, cold-blooded
a: Breathe Dispelling Energy, End Transformation, Renounce Religion, Unearth
Wretches, Torment


You were in a Gauntlet.
You worshipped Kikubaaqudgha.
Kikubaaqudgha was extremely pleased with you.
You had temporarily grown beastly horns and talons.
You visited 1 branch of the dungeon, and saw 11 of its levels.
You also visited: Gauntlet.

You collected 616 gold pieces.
You spent 60 gold pieces at shops.

Inventory:

Hand Weapons
 a - a +5 spectral club (weapon)
 u - a +1 antimagic dagger
Missiles
 q - 48 poisoned darts
 x - 4 boomerangs
 E - 123 stones
 F - 2 javelins
 G - 2 throwing nets
 Y - 3 curare-tipped darts
Armour
 m - a +2 cloak of preservation (worn)
 A - the +2 cloak "Axoiq" {*Corrode Int+2 Slay+2}
   (You found it on level 4 of the Dungeon)

   Int:       It affects your intelligence (+2).
   Slay:      It affects your accuracy & damage with ranged weapons and melee
   (+2).
   *Corrode:  It may corrode you when you take damage.
Jewellery
 c - a ring of resist corrosion
 i - an amulet of magic regeneration (around neck)
 j - a +4 ring of protection (right hand)
 l - a ring of willpower (left hand)
 t - an amulet of regeneration
 D - a ring of protection from cold
 L - a ring of willpower
 O - a ring of poison resistance
Wands
 v - a wand of digging (2)
 K - a wand of mindburst (14)
 N - a wand of iceblast (8)
 T - a wand of flame (10)
 U - a wand of light (6)
Scrolls
 b - 3 scrolls of identify
 d - 2 scrolls of amnesia
 h - 6 scrolls of teleportation
 k - a scroll of silence
 n - 2 scrolls of immolation
 p - 2 scrolls of enchant weapon
 y - a scroll of brand weapon
 S - a scroll of vulnerability
Potions
 e - 11 potions of curing
 g - 2 potions of cancellation
 o - 2 potions of resistance
 r - 2 potions of might {unknown}
 s - a potion of haste
 w - 2 potions of invisibility
 z - a potion of mutation {unknown}
 B - 2 potions of heal wounds
 I - a potion of ambrosia {unknown}
 R - 2 potions of brilliance
Miscellaneous
 f - a box of beasts
 W - a condenser vane


   Skills:
 - Level 7.0 Fighting
 + Level 6.0 Maces & Flails
 + Level 6.3 Dodging
 - Level 4.0 Unarmed Combat
 * Level 6.3 Spellcasting
 - Level 4.0 Hexes
 + Level 8.5 Necromancy
 + Level 8.0 Transmutations
 + Level 4.5 Ice Magic
 - Level 2.0 Poison Magic
 - Level 5.0 Evocations


You had 4 spell levels left.
You knew the following spells:

 Your Spells              Type           Power      Damage    Failure   Level
a - Necrotise             Necr           100%       1d9       1%          1
b - Wereblood             Tmut           32%        N/A       1%          2
c - Spider Form           Tmut/Pois      22%        N/A       4%          3
d - Beastly Appendage     Tmut           64%        N/A       1%          1
e - Vampiric Draining     Necr           34%        2d8       1%          3
k - Frozen Ramparts       Ice            40%        1d7       6%          3
l - Animate Dead          Necr           34%        N/A       3%          4
s - Slow                  Hex            72%        N/A       2%          1

Your spell library contained the following spells:

 Spells                   Type           Power      Damage    Failure   Level
 Freeze                   Ice            80%        1d9       1%          1
 Kiss of Death            Conj/Necr      76%        2d11      2%          1
 Confusing Touch          Hex            18%        N/A       8%          3
 Anguish                  Hex/Necr       13%        N/A       10%         4
 Ice Form                 Ice/Tmut       26%        N/A       10%         4
 Apportation              Tloc           10%        N/A       13%         1
 Summon Small Mammal      Summ           20%        N/A       13%         1
 Poisonous Vapours        Pois/Air       16%        N/A       13%         2
 Hailstorm                Conj/Ice       13%        3d5       14%         3
 Summon Guardian Golem    Hex/Summ       12%        N/A       17%         3
 Mephitic Cloud           Conj/Pois/Air  7%         N/A       28%         3
 Call Canine Familiar     Summ           5%         N/A       36%         3
 Agony                    Necr           34%        N/A       10%         5
 Death Channel            Necr           17%        N/A       50%         6
 Borgnjor's Vile Clutch   Necr/Erth      9%         N/A       52%         5
 Simulacrum               Ice/Necr       13%        N/A       78%         6
 Freezing Cloud           Conj/Ice/Air   5%         6-21      88%         5


Dungeon Overview and Level Annotations

Branches:
Dungeon (11/15)            Temple (0/1) D:5            Lair (0/5) D:9
Gauntlet (1/1)
    Orc: D:9-12

Altars:
Elyvilon
Gozag
Kikubaaqudgha
Makhleb
Sif Muna
Vehumet
Wu Jian
Yredelemnul

Shops:
D:6 ?![:(

Annotations:
D:10 exclusion: 2 orange crystal statues Gauntlet 6 transporters


Innate Abilities, Weirdness & Mutations

You have temporarily grown beastly horns and talons.
You can breathe bolts of dispelling energy.
Your rich purple scales are hard. (AC +7)
You cannot fit into any form of body armour.
You are cold-blooded and may be slowed by cold attacks.


Message History

You howl as the wereblood boils in your veins!
The centaur warrior simulacrum hits you but does no damage.
The centaur warrior simulacrum closely misses you.
The centaur warrior simulacrum misses you.
The centaur warrior simulacrum kicks you but does no damage.
You hit the centaur warrior simulacrum.
You claw the centaur warrior simulacrum!
The centaur warrior simulacrum is severely damaged.
Your +5 spectral club hits the centaur warrior simulacrum.
You howl as the wereblood boils in your veins!
You feel yourself speed up.
The centaur warrior simulacrum barely misses you.
The centaur warrior simulacrum kicks you but does no damage.
The centaur warrior simulacrum hits you but does no damage.
The centaur warrior simulacrum kicks you but does no damage.
Your +5 spectral club disappears.
You hit the centaur warrior simulacrum.
You claw the centaur warrior simulacrum.
The centaur warrior simulacrum vaporises!
You feel a bit better. Kikubaaqudgha accepts your kill.
The meliai simulacrum hits you! The meliai simulacrum freezes you!!
The meliai simulacrum hits you but does no damage.
You see here a scroll of teleportation.
h - 6 scrolls of teleportation (gained 1)
The meliai simulacrum hits you but does no damage. x2
The meliai simulacrum completely misses you.
The meliai simulacrum misses you.
The meliai simulacrum hits you but does no damage. x2
There is a transporter here.
You enter the transporter and appear at another place.
The meliai simulacrum misses you. The meliai simulacrum hits you.
The meliai simulacrum freezes you!
* * * LOW HITPOINT WARNING * * *
The centaur warrior simulacrum hits you.
* * * LOW HITPOINT WARNING * * *
The centaur warrior simulacrum freezes you!!
You feel yourself slow down.
You die...
Kikubaaqudgha rasps: "You have failed me!
Welcome... death!"

.≈§............≈....#.©.#.....#8#
≈8≈...........≈8§§..#...#.8...###
§§§............§....#.©.#.....#
§..###########...###########..###
...#....J....#.8.#...#.#...#..#8#
...#.........#...#..#...#..#..###
...#.#######.#####.##...##.#..#
...##.#.#.#.##.Z.##..#.#..##..###
...#J...©....#©.@#....©..Z.#..#8#
...#J#.#.#.#.#.Z.##..#.#Z.##..###
...#J#######.#####.#######.#..#
...#.........#...#..#...#..#..###
...#..!.©.[..#.8.#....©....#..#8#
...###########...###########..###
..............................#
≈∩≈..........................≈#
###############################


You could see a centaur warrior simulacrum and a meliai simulacrum.

Vanquished Creatures
  2 two-headed ogres
  A fire crab (Gauntlet)
  Pikel (D:5)
  An unseen horror (D:10)
  A kobold demonologist (D:10)
  A troll (D:9)
  Grinder (D:4)
  Sigmund (D:3)
  A centaur simulacrum (Gauntlet)
  4 wyverns
  2 shadows
  A wraith (D:10)
  2 fire bats (Gauntlet)
  A basilisk (D:11)
  13 yaks
  3 steam dragons
  2 acid dragons
  4 water moccasins
  3 sky beasts
  2 ice beasts
  5 orc warriors
  4 centaurs
  2 ogres
  2 lemures (D:5)
  A phantom (D:4)
  Blork the orc (D:5)
  11 kobold brigands
  2 bullfrogs
  4 scorpions
  3 wights (D:7)
  A hornet simulacrum (Gauntlet)
  9 killer bees
  2 electric eels (D:6)
  4 hounds
  2 jellies
  A gnoll bouda (D:5)
  5 orc priests
  Crazy Yiuf (D:5)
  Jessica (D:2)
  3 iguanas
  13 orc wizards
  10 gnolls
  6 adders
  A shadow imp (D:5)
  A white imp (D:5)
  An ufetubus (D:5)
  4 worms
  5 dart slugs
  40 orcs
  9 bats
  6 endoplasms
  2 giant cockroaches
  9 goblins
  4 hobgoblins
  11 jackals
  17 kobolds
  2 quokkas
  11 ball pythons
  3 frilled lizards
  An orc zombie (D:10)
  5 rats
272 creatures vanquished.

Vanquished Creatures (collateral kills)
  A troll (D:11)
  A fire bat (Gauntlet)
  A yak (D:10)
  A yak zombie (D:10)
4 creatures vanquished.

Vanquished Creatures (others)
  2 fire bat zombies (Gauntlet)
  4 killer bee zombies
  4 orc zombies
  A bat (D:3)
  15 kobold zombies (D:10)
26 creatures vanquished.

Grand Total: 302 creatures vanquished

Notes
Turn   | Place    | Note
-------+----------+-------------------------------------------
     0 | D:1      | FishyPogo the Draconian Transmuter began the quest for the
                  | Orb.
     0 | D:1      | Reached XP level 1. HP: 16/16 MP: 3/3
   257 | D:1      | Reached XP level 2. HP: 20/23 MP: 3/5
   593 | D:1      | You fall into a shaft and drop 1 floor!
   699 | D:2      | Reached XP level 3. HP: 29/29 MP: 4/6
   817 | D:2      | Learned a level 2 spell: Wereblood
   821 | D:2      | Learned a level 3 spell: Spider Form
  1560 | D:2      | Reached XP level 4. HP: 32/36 MP: 7/7
  1953 | D:2      | Noticed Jessica
  1958 | D:2      | Killed Jessica
  2184 | D:3      | Reached skill level 1 in Poison Magic
  2188 | D:3      | Reached XP level 5. HP: 41/41 MP: 8/8
  2188 | D:3      | Found a faded altar of an unknown god.
  2196 | D:3      | Prayed at the altar of an unknown god.
  2196 | D:3      | Became a worshipper of Kikubaaqudgha
  2196 | D:3      | Reached * piety under Kikubaaqudgha
  2196 | D:3      | Received a gift from Kikubaaqudgha
  2199 | D:3      | Learned a level 1 spell: Necrotise
  2295 | D:3      | Noticed Sigmund
  2306 | D:3      | Killed Sigmund
  2307 | D:3      | Reached skill level 1 in Necromancy
  2307 | D:3      | Reached skill level 1 in Ice Magic
  2307 | D:3      | Reached XP level 6. HP: 11/48 MP: 10/10
  2500 | D:3      | Reached skill level 1 in Maces & Flails
  3510 | D:4      | Reached ** piety under Kikubaaqudgha
  3516 | D:4      | Identified the +2 cloak "Axoiq" {*Corrode Int+2 Slay+2}
  3555 | D:4      | Your scales start taking on a rich purple colour.
  3555 | D:4      | Reached XP level 7. HP: 53/56 MP: 12/12
  3583 | D:4      | Noticed Grinder
  3589 | D:4      | Killed Grinder
  4346 | D:4      | Learned a level 3 spell: Vampiric Draining
  4386 | D:5      | Entered Level 5 of the Dungeon
  4490 | D:5      | Reached skill level 5 in Transmutations
  4490 | D:5      | Reached XP level 8. HP: 54/63 MP: 13/13
  4686 | D:5      | Noticed Blork the orc
  4692 | D:5      | Found a staircase to the Ecumenical Temple.
  4700 | D:5      | Killed Blork the orc
  4822 | D:5      | Noticed Pikel
  4832 | D:5      | Killed Pikel
  5112 | D:5      | Found a basalt altar of Yredelemnul.
  5187 | D:5      | Reached skill level 5 in Necromancy
  5376 | D:5      | Reached skill level 1 in Evocations
  5376 | D:5      | Reached XP level 9. HP: 72/72 MP: 14/14
  5520 | D:5      | Found a runed translucent door.
  5521 | D:5      | Noticed Crazy Yiuf
  5528 | D:5      | Killed Crazy Yiuf
  5881 | D:6      | Found Zituh's Antique Weapon Boutique.
  5885 | D:6      | Found Guceloanoc's Book Shoppe.
  5996 | D:6      | Found Puberoa's Distillery.
  6000 | D:6      | Bought a potion of heal wounds for 60 gold pieces
  6073 | D:6      | Found Daulunt's Magic Scroll Shoppe.
  6240 | D:6      | Found Coratt's Armour Emporium.
  6398 | D:6      | Found a white marble altar of Elyvilon.
  6404 | D:6      | Reached skill level 5 in Fighting
  7378 | D:7      | Learned a level 3 spell: Frozen Ramparts
  7628 | D:7      | Reached *** piety under Kikubaaqudgha
  7628 | D:7      | Received a gift from Kikubaaqudgha
  8197 | D:8      | Found a radiant altar of Vehumet.
  8299 | D:8      | Reached skill level 5 in Dodging
  8299 | D:8      | Reached skill level 5 in Spellcasting
  8299 | D:8      | Reached XP level 10. HP: 43/83 MP: 17/17
  8550 | D:8      | Found an ornate altar of the Wu Jian Council.
  8554 | D:8      | Noticed a two-headed ogre
  8562 | D:8      | Killed a two-headed ogre
  8563 | D:8      | Reached skill level 1 in Hexes
  9580 | D:9      | Reached skill level 5 in Maces & Flails
  9858 | D:9      | Found a staircase to the Lair.
 10129 | D:9      | Noticed a two-headed ogre
 10139 | D:9      | Killed a two-headed ogre
 10159 | D:9      | Reached **** piety under Kikubaaqudgha
 10164 | D:9      | Reached XP level 11. HP: 91/91 MP: 1/18
 10506 | D:6      | Learned a level 4 spell: Animate Dead
 10704 | D:9      | Found an opulent altar of Gozag.
 10854 | D:10     | Entered Level 10 of the Dungeon
 10898 | D:10     | Learned a level 1 spell: Slow
 10976 | D:10     | Identified the +2 robe of Qazlal's Envy {*Corrode rElec
                  | rF++}
 11214 | D:10     | Noticed an orange crystal statue
 11214 | D:10     | Noticed an orange crystal statue
 11252 | D:10     | Found a shimmering blue altar of Sif Muna.
 11597 | D:10     | Reached skill level 5 in Evocations
 11618 | D:10     | Found a burning altar of Makhleb.
 12212 | D:11     | Reached ***** piety under Kikubaaqudgha
 12490 | D:11     | Found a gate leading to a gauntlet.
 12499 | Gauntlet | Entered a Gauntlet
 12499 | Gauntlet | Noticed a fire crab
 12499 | Gauntlet | Found a transporter.
 12499 | Gauntlet | Found a transporter.
 12499 | Gauntlet | Found a transporter.
 12499 | Gauntlet | Found a transporter.
 12531 | Gauntlet | Found a transporter.
 12533 | Gauntlet | Noticed a sixfirhy
 12542 | Gauntlet | Found a transporter.
 12544 | Gauntlet | Noticed a sixfirhy
 12554 | Gauntlet | Found a transporter.
 12564 | Gauntlet | Found a transporter.
 12582 | Gauntlet | Found a transporter.
 12592 | Gauntlet | Found a transporter.
 12611 | Gauntlet | Found a transporter.
 12670 | Gauntlet | Noticed a sixfirhy
 12679 | Gauntlet | Found a transporter.
 12795 | Gauntlet | Killed a fire crab
 12961 | Gauntlet | Mangled by a centaur warrior simulacrum

Illustrated notes

Levels and vault maps discovered:
D:1:      dpeg_arrival_subterranean_lakeside_camping, layout_basic,
          corexii_leaking_fountain
D:2:      layout_basic, chequers_decorated_corner, uniq_jessica
D:3:      wad_lake_hut, layout_basic, basic_ecumenical_altar,
          nicolae_grassy_gnolls, uniq_sigmund
D:4:      layout_loops_ring, uniq_grinder
D:5:      layout_rooms, mainiacjoe_overflow_cross_hatched,
          minmay_temple_entry_drinking_statues, dreamdust_princess_bridge,
          kennysheep_cross_bottleneck, hangedman_decor_points,
          uniq_blork_the_orc, uniq_pikel, uniq_crazy_yiuf_cottage
D:6:      layout_basic, nicolae_elyvilon_temple_path, serial_shops,
          nicolae_shop_just_a_little_nook, shop, nicolae_take_the_stairs,
          nicolae_shop_waterfront, shop
D:7:      layout_loops_corners
D:8:      layout_gridville, mainiacjoe_overflow_small_starburst,
          lemuel_round_altar
D:9:      layout_irregular_city, lemuel_crystal_altar, minmay_lair_entry_grove,
          grunt_ministairs_10
D:10:     layout_roguey, mainiacjoe_overflow_boulevard,
          mainiacjoe_overflow_concentric_impassable, special_room
          [special_room_kobold], david_greed
D:11:     gammafunk_boulding_lane, layout_long_grid, gauntlet_entry_generic
Gauntlet: gammafunk_gauntlet_shortcut [gammafunk_gauntlet_arena_spirals,
          gammafunk_gauntlet_arena_mazey, nicolae_gauntlet_arena_t_cross,
          gammafunk_gauntlet_arena_hedges, gammafunk_gauntlet_arena_chambers,
          gammafunk_gauntlet_arena_teeth, dreamdust_gauntlet_exit_labyrinth]

Skill      XL: |  1  2  3  4  5  6  7  8  9 10 11 |
---------------+----------------------------------+-----
Dodging        | 2 3 4 5 6 |  6.3
Fighting       | 2 3 4 5 6 7 |  7.0
Transmutations | 3 4 5 6 7 8 |  8.0
Poison Magic   | 1 2 |  2.0
Necromancy     | 1 2 3 5 6 7 8 |  8.5
Ice Magic      | 1 3 4 |  4.5
Maces & Flails | 1 2 3 4 5 6 |  6.0
Unarmed Combat | 4 |  4.0
Spellcasting   | 3 5 6 |  6.3
Evocations     | 1 3 4 5 |  5.0
Hexes          | 3 4 |  4.0

Action                     |  1- 3 |  4- 6 |  7- 9 | 10-12 || total
---------------------------+-------+-------+-------+-------++-------
  Melee: Unarmed           |    90 |    27 |     8 |       ||   125
         Headbutt          |    17 |    12 |    37 |    34 ||   100
         Kick              |    18 |    18 |    55 |    55 ||   146
         Tailslap          |     4 |    11 |    27 |    43 ||    85
         Club              |       |    65 |   202 |   235 ||   502
         Punch             |       |     2 |     2 |     6 ||    10
   Fire: Shortbow          |       |       |    12 |       ||    12
  Throw: Dart              |       |       |       |     1 ||     1
   Cast: Beastly Appendage |    29 |    26 |    41 |    26 ||   122
         Wereblood         |       |     5 |     5 |    14 ||    24
         Spider Form       |       |     1 |     1 |       ||     2
         Necrotise         |       |    34 |    43 |    46 ||   123
         Frozen Ramparts   |       |       |     3 |    21 ||    24
         Vampiric Draining |       |       |       |    15 ||    15
         Animate Dead      |       |       |       |     7 ||     7
Ability: Breathe Dispellin |       |       |     7 |     4 ||    11
  Evoke: Wand              |       |       |       |     1 ||     1
         Condenser vane    |       |       |       |     1 ||     1
    Use: Scroll            |       |       |     6 |    12 ||    18
         Potion            |       |       |       |    13 ||    13
   Stab: Sleeping          |       |     1 |       |       ||     1
         Distracted        |       |       |     1 |     2 ||     3
 Armour: Skin              |    24 |    46 |    77 |   115 ||   262
  Dodge: Dodged            |    43 |    76 |   117 |   194 ||   430
